 Dungeon Crawl Stone Soup version 0.25-a0-561-g0977b4d109 (webtiles) character file.

Game seed: 8098588541322682234, levelgen mode: deterministic

74 Flugslaktarn the Shield-Bearer (level 4, -9/42 HPs)
             Began as a Deep Dwarf Fighter on Feb 25, 2020.
             Killed from afar by a kobold (21 damage)
             ... with an iceblast
             ... on level 3 of the Dungeon.
             The game lasted 00:00:20 (311 turns).

Flugslaktarn the Shield-Bearer (Deep Dwarf Fighter)  Turns: 311, Time: 00:00:21

Health: -9/42      AC:  7    Str: 20    XL:     4   Next: 10%
Magic:  3/3        EV:  7    Int:  9    God:
Gold:   38         SH:  9    Dex: 12    Spells: 3/3 levels left

rFire    . . .     SeeInvis .   a - +0 war axe
rCold    . . .     Gourm    .   c - +0 kite shield
rNeg     . . .     Faith    .   b - +0 scale mail
rPois    .         Spirit   .   (no helmet)
rElec    .         Reflect  .   (no cloak)
rCorr    .         Harm     .   (no gloves)
MR       .....                  (no boots)
Stlth    ..........             (no amulet)
HPRegen  0.00/turn              (no ring)
MPRegen  0.08/turn              (no ring)

@: non-regenerating
A: damage resistance, heal wounds, sense surroundings 1, no regeneration
a: Heal Wounds


You were on level 3 of the Dungeon.
You were not hungry.

You visited 1 branch of the dungeon, and saw 3 of its levels.

You collected 38 gold pieces.

Inventory:

Hand Weapons
 a - a +0 war axe (weapon)
Armour
 b - a +0 scale mail (worn)
 c - a +0 kite shield (worn)
Scrolls
 h - 2 scrolls of enchant armour {unknown}
Potions
 d - a potion of might
 g - 2 potions of heal wounds {unknown}
 i - a potion of flight {unknown}
Comestibles
 e - a ration
 f - 12 chunks of flesh


   Skills:
 + Level 3.1 Fighting
 * Level 3.4 Axes
 + Level 3.8 Armour
 + Level 3.8 Shields


You had 3 spell levels left.
You didn't know any spells.
Your spell library was empty.

Dungeon Overview and Level Annotations

Branches:
Dungeon (3/15)

Altars:


Innate Abilities, Weirdness & Mutations

You are resistant to damage.
You can heal yourself by infusing magical energy.
You passively map a small area around you.
You do not regenerate.


Message History

* * * LOW HITPOINT WARNING * * *
You are too injured to fight recklessly!
You are too injured to fight recklessly!
You are too injured to fight recklessly!
You are too injured to fight recklessly!
You are too injured to fight recklessly!
You are too injured to fight recklessly!
You are too injured to fight recklessly!
You are too injured to fight recklessly!
You are too injured to fight recklessly!
You are too injured to fight recklessly!
You are too injured to fight recklessly!
You are too injured to fight recklessly!
You are too injured to fight recklessly!
You are too injured to fight recklessly!
You are too injured to fight recklessly!
You fail to use your ability.
The kobold zaps a wand.
The mass of ice explodes!
The iceblast engulfs you!!
Ouch! That really hurt!
You die...

,*
#..............##.#..,
*
######.#..##...##.###
, ##.#....#....# ,
#.####..<####* * #.#
##.## , #.# #. ** *
#.#,, ..*, * #.#, ###*
** #@# * #....#
#.[...#* * , ..K......
#.....### ##...##
*#.## * .. * , * * * *
*


You could see a kobold.

Vanquished Creatures
  2 adders
  4 gnolls (D:2)
  A dart slug (D:1)
  A bat (D:3)
  A giant cockroach (D:3)
  A goblin (D:2)
  2 hobgoblins
  A kobold (D:3)
  A quokka (D:2)
  A frilled lizard (D:2)
  5 rats
20 creatures vanquished.

Notes
Turn   | Place    | Note
-------+----------+-------------------------------------------
     0 | D:1      | Flugslaktarn the Deep Dwarf Fighter began the quest for the
                  | Orb.
     0 | D:1      | Reached XP level 1. HP: 20/20 MP: 1/1
   113 | D:2      | Reached XP level 2. HP: 24/27 MP: 2/2
   119 | D:2      | Reached XP level 3. HP: 26/34 MP: 3/3
   214 | D:3      | Reached XP level 4. HP: 38/42 MP: 3/3
   311 | D:3      | Killed from afar by a kobold

Levels and vault maps discovered:
D:1:      nicolae_arrival_washed_ashore, layout_basic
D:2:      layout_rooms
D:3:      layout_loops_ring

Skill      XL: |  1  2 |
---------------+-------+-----
Fighting       | 3 |  3.1
Axes           | 3 |  3.4
Armour         | |  3.8
Shields        | |  3.8

Action                   |  1- 3 |  4- 6 || total
-------------------------+-------+-------++-------
Melee: War axe           |    52 |     8 ||    60
 Abil: Heal Wounds       |     4 |       ||     4
Armor: Scale mail        |    33 |     2 ||    35
Dodge: Dodged            |    24 |     3 ||    27
Block: Kite shield       |    42 |     3 ||    45

Table legend:
 A = Non-vault XP
 B = Vault XP
 C = Vault XP percentage of total XP
 D = Non-vault monster count
 E = Vault monster count
 F = Vault count percentage of total count
                 A         B        C        D         E       F
            +---------+---------+-------+---------+---------+-------
      Total |     107 |       0 |   0.0 |      20 |       0 |   0.0
            +---------+---------+-------+---------+---------+-------
        D:1 |       4 |       0 |   0.0 |       1 |       0 |   0.0
        D:2 |      80 |       0 |   0.0 |      12 |       0 |   0.0
        D:3 |      23 |       0 |   0.0 |       7 |       0 |   0.0
            +---------+---------+-------+---------+---------+-------
